 Dungeon Sprint DCSS version 0.15.0 (webtiles) character file.

340 Iskender the Martial Artist (level 6, -3/32 HPs)
             Began as a Vine Stalker Monk on Aug 29, 2014.
             Was a Believer of Qazlal.
             Slain by a slime creature (16 damage)
             ... in the Dungeon (Sprint I: "Red Sonja").
             The game lasted 00:03:22 (325 turns).

Iskender the Martial Artist (Vine Stalker Monk)      Turns: 325, Time: 00:03:22

HP  -3/32        AC  5     Str 14      XL: 6   Next: 56%
MP   0/16        EV  9     Int 10      God: Qazlal [**....]
Gold 312         SH  2     Dex 18      Spells:  0 memorised,  5 levels left

rFire  . . .     SeeInvis .       - Unarmed
rCold  . . .     Clarity  .     i - +0 ring mail
rNeg   . . .     rCorr    .     (no shield)
rPois  .         rRot     +     (no helmet)
rElec  .         Spirit   +     (no cloak)
SustAb .         Warding  .     (no gloves)
rMut   .         NoTele   +     (no boots)
Gourm  .                        (no amulet)
MR     .....                    (no ring)
                                (no ring)

@: not resistant to hostile enchantments, very unstealthy
A: fangs 2, regeneration 2, magic shield, antimagic bite, no device heal 3, rot
immunity
a: Upheaval, Renounce Religion


You were in the Dungeon.
You worshipped Qazlal.
Qazlal was pleased with you.
You were not hungry.

You visited 1 branch You collected 312 gold pieces.

Inventory:

Hand weapons
 g - a +2 dagger of pain
Armour
 a - a +0 robe
 i - a +0 ring mail (worn)
Magical devices
 d - a wand of slowing (2)
Comestibles
 b - a bread ration
 j - a rotting chunk of human flesh
 k - 4 rotting chunks of ogre flesh
Scrolls
 h - a scroll of blinking
 m - a scroll of identify {unknown}
Potions
 c - a potion of curing
 e - a potion of haste
 f - 2 potions of magic
 l - a potion of might {unknown}


   Skills:
 - Level 2.6 Fighting
 + Level 2.4 Dodging
 - Level 2.4 Stealth
 + Level 11.8 Unarmed Combat
 - Level 7.1 Invocations


You had 5 spell levels left.
You didn't know any spells.

Dungeon Overview and Level Annotations

Branches:
Dungeon (1/1)

Altars:
Cheibriados
Dithmenos
Elyvilon
Fedhas
Kikubaaqudgha
Makhleb
Nemelex Xobeh
Okawaru
Qazlal
Sif Muna
Trog
Vehumet
Xom
Yredelemnul
Zin
The Shining One
Jiyva

Shops:
D [


Innate Abilities, Weirdness & Mutations

You have extremely sharp teeth.
You heal very quickly.
When hurt, damage is shared between your health and your magic reserves.
Your bite disrupts and absorbs the magic of your enemies.
Potions and wands cannot restore your health.
You are immune to rotting.


Message History

You feel invigorated.
The slime creature is lightly wounded.
The slime creature hits you!
You hit the slime creature but do no damage.
Your bite misses the slime creature.
The slime creature is lightly wounded.
The slime creature hits you!!
* * * LOW HITPOINT WARNING * * *
There is an open door here.
Press: ? - help, v - describe, . - travel
Here: a slime creature (lightly wounded)
The floor.
There is an open door here.
There is an open door here.
You see here the rotting goblin corpse of Ijyb.
There is an open door here.
There is a fountain of clear blue water here.
The slime creature hits you!!
Ouch! That really hurt!
You die...

##################
#<.#..'..#..'..#__
#..'%.#..').#..'..
#..#####'#####'#__
#..####..#...#.###
#.§#_.####..##.#
#@J#_..._##'#..+
#⌠⌠#_.∩...'..._#
####_..._##_.#'#
#_____###+#.#
####### ###


You could see a slime creature.

Vanquished Creatures
  A yak (D)
  An ogre (D)
  Sigmund (D)
  A jelly (D)
  Ijyb (D)
5 creatures vanquished.

Notes
Turn   | Place    | Note
--------------------------------------------------------------
     0 | D        | Iskender, the Vine Stalker Monk, began the quest for the Orb.
     0 | D        | Reached XP level 1. HP: 11/11 MP: 1/1
     2 | D        | Noticed Ijyb
    12 | D        | Killed Ijyb
    12 | D        | Reached skill level 6 in Unarmed Combat
    12 | D        | Reached XP level 2. HP: 16/16 MP: 3/3
    13 | D        | Noticed an ogre
    16 | D        | Killed an ogre
    16 | D        | Reached skill level 9 in Unarmed Combat
    16 | D        | Reached XP level 3. HP: 8/19 MP: 1/4
    16 | D        | Reached XP level 4. HP: 9/23 MP: 1/5
    67 | D        | Noticed Sigmund
    81 | D        | Killed Sigmund
    81 | D        | Reached skill level 11 in Unarmed Combat
    81 | D        | Reached XP level 5. HP: 14/27 MP: 7/7
   136 | D        | Found a deep blue altar of Sif Muna.
   137 | D        | Noticed a jelly
   138 | D        | Found a radiant altar of Vehumet.
   144 | D        | Killed a jelly
   165 | D        | Found Xikelarue's Armour Emporium.
   165 | D        | Found a white marble altar of Elyvilon.
   165 | D        | Found a stormy altar of Qazlal.
   165 | D        | Found a basalt altar of Yredelemnul.
   165 | D        | Found an iron altar of Okawaru.
   165 | D        | Found a sparkling altar of Nemelex Xobeh.
   165 | D        | Found a shimmering altar of Xom.
   165 | D        | Found an ancient bone altar of Kikubaaqudgha.
   165 | D        | Noticed a yak
   166 | D        | Found a burning altar of Makhleb.
   166 | D        | Found a glowing golden altar of the Shining One.
   166 | D        | Found a glowing silver altar of Zin.
   267 | D        | Found a bloodstained altar of Trog.
   269 | D        | Became a worshipper of Qazlal Stormbringer
   269 | D        | Acquired Qazlal's first power
   269 | D        | Acquired Qazlal's second power
   271 | D        | Killed a yak
   271 | D        | Gained mutation: You heal very quickly. [vine stalker growth]
   271 | D        | Reached XP level 6. HP: 15/32 MP: 5/16
   304 | D        | Found a viscous altar of Jiyva.
   304 | D        | Found a blossoming altar of Fedhas.
   304 | D        | Noticed a slime creature
   305 | D        | Found a snail-covered altar of Cheibriados.
   305 | D        | Found a shadowy altar of Dithmenos.
   325 | D        | Slain by a slime creature

Action                   |  1- 3 |  4- 6 || total
-------------------------+-------+-------++-------
Melee: Unarmed           |     8 |    19 ||    27
  Use: Potion            |     1 |       ||     1
 Stab: Sleeping          |       |     3 ||     3
